 Dungeon Crawl Stone Soup version 0.31-a0-549-gf98fd537a9 (webtiles) character file.

Game seed: 9029448294860778935

250868 Morbidden the Brawler (level 18, -4/178 (179) HPs)
             Began as a Troll Monk on Aug 16, 2023.
             Was the Champion of Cheibriados.
             Killed by divine providence
             ... invoked by an orc priest
              (13 damage)
             ... while paralysed by an orc sorcerer
             ... on level 1 of the Elven Halls.
             The game lasted 01:03:22 (35354 turns).

Morbidden the Brawler (Troll Monk)                 Turns: 35354, Time: 01:03:23

HP:   -4/178 (179)  AC: 20    Str: 45    XL:     18   Next: 92%
MP:   23/23         EV:  1    Int: 21    God:    Cheibriados [******]
Gold: 4738          SH:  0    Dex: 27    Spells: 17/17 levels left

rFire   . .          .
                       - Unarmed
rCold   + . .        y - +2 tower shield {rC+}
rNeg    . . .        O - +3 storm dragon scales {Bai Suzhen}
rPois   +            f - +2 hat
rElec   +            j - +0 cloak "Eme In Foss" {rElec rPois}
rCorr   .            (gloves unavailable)
SInv    .            (boots unavailable)
Will    +....        N - amulet of reflection Stlth
                     d - +4 ring of slaying
HPRegen 1.29/turn    e - +4 ring of slaying
MPRegen 0.18/turn

%: reflection
@: paralysed, lightly drained, very slow
A: large, unfitting armour, claws 3, regeneration 1, shaggy fur 1, tough skin 1
}: 2/15 runes: serpentine, barnacled
a: Renounce Religion, Bend Time, Temporal Distortion, Slouch, Step From Time


You were on level 1 of the Elven Halls.
You worshipped Cheibriados.
Cheibriados was exalted by your worship.
You visited 7 branches of the dungeon, and saw 32 of its levels.
You also visited: Trove, Bailey and Ice Cave.

You collected 5118 gold pieces.
You spent 380 gold pieces at shops.

Inventory:

Missiles
 l - 33 poisoned darts
 m - 14 silver javelins
 n - 31 large rocks
 r - 19 javelins
 s - 12 throwing nets
 t - 25 stones
 w - 6 curare-tipped darts
 G - 20 boomerangs (quivered)
Armour
 f - a +2 hat (worn)
 j - the +0 cloak "Eme In Foss" (worn) {rElec rPois}
   (You found it on level 2 of the Dungeon)

   rElec:     It insulates you from electricity.
   rPois:     It protects you from poison
 y - a +2 tower shield of cold resistance (worn)
 O - +3 storm dragon scales (worn) {Bai Suzhen}
 W - +0 ice dragon scales
Jewellery
 b - a ring of protection from cold
 d - a +4 ring of slaying (left claw)
 e - a +4 ring of slaying (right claw)
 i - a ring of protection from fire
 E - the ring "Anovvout" {rC+ rN+ AC+4 Str+2}
   (You took it off a naga on level 1 of the Snake Pit)

   [ring of protection]

   AC+4:      It affects your AC (+4).
   Str+2:     It affects your strength (+2).
   rC+:       It protects you from cold.
   rN+:       It protects you from negative energy.
 M - the ring "Pulenkir" {Drain rN+ EV+5 Dex+2}
   (You found it in a treasure trove)

   [ring of evasion]

   EV+5:      It affects your evasion (+5).
   Dex+2:     It affects your dexterity (+2).
   rN+:       It protects you from negative energy.
   Drain:     It drains your maximum health when unequipped.
 N - an amulet of reflection (around neck)
 R - a ring of protection from fire
 X - the amulet of Dawn {Faith *Slow rF+ Dex+4}
   (You found it in a treasure trove)

   [amulet of faith]

   Faith:     It allows you to gain divine favour quickly.
   Dex+4:     It affects your dexterity (+4).
   rF+:       It protects you from fire.
   *Slow:     It may slow you when you take damage.
 Y - a ring of see invisible
 Z - the ring of Shadows {Umbra +Inv Stlth+}
   (You found it in a treasure trove)

   [ring of stealth]

   Umbra:     It surrounds you with an aura of shadow, increasing your stealth
   and reducing the accuracy of all others within it.
   +Inv:      It lets you turn invisible.
   Stlth+:    It makes you more stealthy.
Talismans
 A - a granite talisman
 Q - a talisman of death
Wands
 u - a wand of digging (8)
 v - a wand of charming (20)
 C - a wand of flame (78)
 H - a wand of roots (35)
 I - a wand of mindburst (11)
 J - a wand of polymorph (2)
Scrolls
 c - 4 scrolls of identify
 g - 3 scrolls of fear
 h - 2 scrolls of poison
 x - 2 scrolls of immolation
 z - 2 scrolls of revelation
 B - 2 scrolls of enchant armour
 D - 6 scrolls of teleportation
 F - a scroll of silence
 P - 2 scrolls of blinking
Potions
 a - 4 potions of enlightenment
 k - 3 potions of mutation
 o - a potion of resistance
 p - 2 potions of invisibility
 K - 2 potions of berserk rage
 L - 8 potions of curing
 T - 2 potions of ambrosia
 U - 3 potions of might
 V - 6 potions of heal wounds
Miscellaneous
 q - a box of beasts
 S - a phantom mirror


   Skills:
 * Level 11.1 Fighting
 * Level 12.8 Throwing
 + Level 4.9 Armour
 * Level 14.1 Dodging
 + Level 3.9 Stealth
 + Level 9.5 Shields
 + Level 19.3 Unarmed Combat
 * Level 9.2 Invocations
 * Level 1.6 Evocations
 * Level 7.8 Shapeshifting


You had 17 spell levels left.
You didn't know any spells.
Your spell library contained the following spells:

 Spells                   Type           Power      Damage    Failure   Level
 Shock                    Conj/Air       0%         1d3       73%         1
 Summon Small Mammal      Summ           0%         N/A       73%         1
 Call Imp                 Summ           0%         N/A       86%         2
 Lesser Beckoning         Tloc           0%         N/A       86%         2
 Scorch                   Fire           0%         2d5       86%         2
 Call Canine Familiar     Summ           0%         N/A       97%         3
 Dazzling Flash           Conj/Hex       0%         N/A       97%         3
 Gell's Gravitas          Tloc           0%         N/A       97%         3
 Inner Flame              Hex/Fire       0%         N/A       97%         3
 Ozocubu's Armour         Ice            0%         N/A       97%         3
 Portal Projectile        Hex/Tloc       0%         N/A       97%         3
 Summon Guardian Golem    Hex/Summ       0%         N/A       97%         3
 Swiftness                Air            0%         N/A       97%         3
 Teleport Other           Tloc           0%         N/A       97%         3
 Vhi's Electric Charge    Tloc/Air       0%         N/A       97%         3
 Volatile Blastmotes      Fire/Tloc      0%         2d10      97%         3
 Airstrike                Air            0%         2d(0-16)  100%        4
 Animate Armour           Summ/Erth      0%         N/A       100%        4
 Flame Wave               Conj/Fire      0%         2d4       100%        4
 Fulminant Prism          Conj/Hex       0%         3d5       100%        4
 Iskenderun's Mystic Bla  Conj/Tloc      0%         2d3       100%        4
 Leda's Liquefaction      Hex/Erth       0%         N/A       100%        4
 Passage of Golubria      Tloc           0%         N/A       100%        4
 Petrify                  Tmut/Erth      0%         N/A       100%        4
 Sticky Flame             Conj/Fire      0%         2d3       100%        4
 Summon Lightning Spire   Summ/Air       0%         N/A       100%        4
 Arcjolt                  Conj/Air       0%         1d10      100%        5
 Iskenderun's Battlesphe  Conj           0%         2d6       100%        5
 Lee's Rapid Deconstruct  Erth           0%         3d4*      100%        5
 Silence                  Hex/Air        0%         N/A       100%        5
 Leda's Unmaking          Conj/Erth      0%         9d1       100%        6
 Plasma Beam              Fire/Air       0%         2x1d10    100%        6
 Simulacrum               Ice/Necr       0%         N/A       100%        6
 Starburst                Conj/Fire      0%         6d3       100%        6
 Summon Cactus Giant      Summ           0%         N/A       100%        6
 Ozocubu's Refrigeration  Ice            0%         4d7       100%        7
 Spellforged Servitor     Conj/Summ      0%         N/A       100%        7
 Lehudib's Crystal Spear  Conj/Erth      0%         10d2      100%        8
 Maxwell's Capacitive Co  Air            0%         ∞         100%        8
 Dragon's Call            Summ           0%         N/A       100%        9
 Polar Vortex             Ice            0%         N/A       100%        9


Dungeon Overview and Level Annotations

Branches:
Dungeon (15/15)            Temple (1/1) D:6            Lair (5/5) D:11
 Shoals (4/4) Lair:3        Snake (4/4) Lair:2          Orc (2/2) D:10
    Elf (1/3) Orc:2        Vaults (0/5) D:14         Depths (0/4) D:15
 Bailey (visited)           IceCv (visited)
  Slime: Lair:4-5

Altars:
Ashenzari
Cheibriados
Dithmenos
Elyvilon
Fedhas
Gozag
Hepliaklqana
Kikubaaqudgha
Makhleb
Nemelex Xobeh
Okawaru
Qazlal
Ru
Sif Muna
Trog
Uskayaw
Vehumet
Wu Jian
Xom
Yredelemnul
Zin
The Shining One
Jiyva

Shops:
Orc:2 *=?!(   Shoals:3 [*   Snake:1 :([[   Snake:2 (::=

Annotations:
D:12 3 runed translucent doors, Varahof's ghost, journeyman MiFi
D:13 Erolcha
Lair:4 2 transporters, exclusion: 2 oklob plants, pornopis's ghost, journeyman TrSh


Innate Abilities, Weirdness & Mutations

You are too large for most types of armour.
You have claws for hands.
Your natural rate of healing is unusually fast.
You are covered in fur. (AC +1)
You have tough skin. (AC +1)


Message History

The orc priest convulses!
The orc convulses!
The deep elf demonologist convulses!
The deep elf high priest convulses!
The orc convulses!
The deep elf pyromancer convulses!
Something is bathed in an unholy light!
The deep elf pyromancer convulses!
The orc priest convulses!
The deep elf zephyrmancer convulses!
The orc priest convulses!
The deep elf pyromancer convulses!
The orc priest convulses!
The deep elf archer convulses!
The orc sorcerer convulses!
The orc convulses! x2
Your body is wracked with pain!
* * * LOW HITPOINT WARNING * * *
The orc hits you but does no damage.
The orc sorcerer hits you but does no damage.
The orc priest miscasts a cantrip.
The deep elf pyromancer gestures wildly while chanting.
The deep elf demonologist gestures wildly while chanting.
The smoke demon disappears in a puff of smoke!
The tormentor calls on the powers of darkness!
The orc priest convulses!
The orc convulses!
The deep elf pyromancer convulses!
The deep elf demonologist convulses!
The deep elf high priest convulses!
The orc convulses!
The deep elf pyromancer convulses!
Something is bathed in an unholy light!
The deep elf zephyrmancer convulses!
The orc priest convulses! x2; The deep elf pyromancer convulses!
The orc priest convulses!
The deep elf archer convulses!
The orc sorcerer convulses!
The orc convulses!
Your body is wracked with pain!
* * * LOW HITPOINT WARNING * * *
The orc sorcerer hits you with a +0 dagger.
* * * LOW HITPOINT WARNING * * *
A deep elf archer comes into view. It is wielding a +0 dagger.
A deep elf demonologist comes into view.
It is wielding a +0 long sword and wearing a +3 leather armour of willpower.
The deep elf pyromancer casts a spell.
The deep elf pyromancer blinks!
The deep elf high priest mumbles some strange prayers to its god against you.
Something smites you!
* * * LOW HITPOINT WARNING * * *
The deep elf zephyrmancer gestures wildly while chanting.
The deep elf zephyrmancer blinks!
The deep elf demonologist gestures wildly while chanting.
The orc priest calls down the wrath of Beogh upon you.
Beogh smites you!
You die...

############
##..@o3o.....
#..##oe#o'#++ #.##8Eoe..
#.##8{oE23..
#.###oe#ee#..
#############.##8oo.§E.e.
..##>..........#8..4Ee1E.
#.##.############..#e○#.☼
##.#.#


You could see a Brimstone Fiend (summoned), 2 deep elf demonologists, an orange
demon (summoned), 2 deep elf archers, a deep elf high priest (brilliance aura),
an earth elemental, a water elemental, 3 deep elf pyromancers, a sixfirhy
(summoned), a tormentor (summoned), 3 fire elementals, a neqoxec (summoned), an
orc sorcerer (empowered), 4 orc priests and 4 orcs.

Vanquished Creatures
  Bai Suzhen (Snake:3)
  Mlioglotl (Snake:4)
  Asterion (Snake:2)
  Agnes (Snake:3)
  Aizul (Shoals:3)
  Kirke (Snake:4)
  Ilsuiw (Shoals:4)
  Roxanne (Snake:2)
  A fenstrider witch (Shoals:2)
  A frost giant (Shoals:4)
  6 nagarajas
  A deep elf sorcerer (Elf:1)
  An azure jelly (IceCv)
  The ghost of Domiom the Wallflower, a journeyman DsAr of Uskayaw (D:14)
  A quicksilver ooze (IceCv)
  A fire dragon (Lair:5)
  Josephine (D:12)
  10 merfolk javelineers
  A yaktaur captain (D:13)
  10 merfolk impalers
  A vault guard (D:14)
  2 ice dragons (D:15)
  A rakshasa (D:13)
  3 salamander tyrants
  Harold (Lair:1)
  9 hydras
  2 alligator snapping turtles
  A catoblepas (Lair:2)
  4 ogre magi (Orc:2)
  16 two-headed ogres
  13 centaur warriors
  4 dancing weapons (Elf:1)
  4 merfolk avatars
  A merfolk aquamancer (Shoals:4)
  9 anacondas
  6 death yaks (Lair:5)
  18 naga warriors
  2 boulder beetles (D:13)
  3 satyrs (Shoals:3)
  5 tengu warriors
  A shock serpent (Snake:1)
  18 naga sharpshooters
  Urug (Lair:4)
  An orc high priest (Orc:2)
  2 deep elf knights (Elf:1)
  Sonja (D:13)
  5 skysharks
  A fire crab (shapeshifter) (Elf:1)
  A fire crab (Lair:5)
  5 skeletal warriors (D:15)
  18 sea snakes
  A salamander mystic (Snake:3)
  3 naga ritualists
  3 deep elf archers (Elf:1)
  A harpy (shapeshifter) (D:15)
  10 deep elf pyromancers
  14 harpies
  3 orc knights
  7 deep elf zephyrmancers (Elf:1)
  3 orc sorcerers
  A mana viper (Snake:1)
  6 merfolk sirens
  16 manticores
  12 fauns
  7 cyclopes
  14 salamanders
  Maurice (D:13)
  2 ice statues (IceCv)
  18 naga magi
  21 elephants
  4 guardian serpents
  27 black mambas
  2 molten gargoyles (Lair:5)
  A cane toad (shapeshifter) (D:14)
  4 water nymphs
  A rime drake (shapeshifter) (D:15)
  15 cane toads
  2 unseen horrors
  4 rime drakes
  An efreet (D:14)
  A komodo dragon (shapeshifter) (D:14)
  5 tengu conjurers
  16 komodo dragons
  3 kobold demonologists
  8 trolls
  5 polar bears
  38 merfolk
  A queen bee (shapeshifter) (D:13)
  2 hornets
  12 blink frogs
  5 wind drakes
  7 snapping turtles
  11 dream sheep
  22 slime creatures
  2 shadows
  9 wraiths
  An air elemental (Elf:1)
  2 vampires
  3 water elementals
  6 wyverns
  A fire elemental (Elf:1)
  5 hogs (Snake:4)
  51 yaks
  6 basilisks
  A redback (shapeshifter) (D:14)
  4 steam dragons
  2 wargs
  8 vampire mosquitoes
  5 acid dragons
  18 water moccasins
  50 nagas
  4 hell hounds (Lair:5)
  A floating eye (shapeshifter) (Elf:1)
  12 orc warriors
  5 great orb of eyes simulacra (IceCv)
  37 ogres
  2 ice beasts
  A black bear (D:6)
  10 wolves
  4 boggarts (Lair:3)
  8 centaurs
  2 phantoms (D:4)
  4 slime creature simulacra (IceCv)
  3 kobold brigands
  10 bullfrogs
  9 gnoll sergeants
  4 glowing shapeshifter simulacra (IceCv)
  2 scorpions (D:6)
  8 wights (D:6)
  2 electric eels
  4 howler monkeys (D:10)
  3 jellies (D:6)
  5 lava snakes (Lair:5)
  15 orc priests
  6 hounds
  A sleepcap (D:7)
  7 gnoll boudas
  Jessica (D:3)
  2 iguanas
  13 orc wizards
  A shapeshifter simulacrum (IceCv)
  4 adders
  24 gnolls
  2 shadow imps (D:6)
  3 white imps (D:7)
  An ufetubus (D:5)
  2 worms (D:3)
  2 dart slugs
  54 orcs
  4 bats
  5 endoplasms
  9 goblins
  5 hobgoblins
  2 jackals (D:3)
  21 kobolds
  3 quokkas
  7 ball pythons
  3 frilled lizards
  2 rats
1055 creatures vanquished.

Vanquished Creatures (collateral kills)
  An orc (Orc:2)
1 creature vanquished.

Vanquished Creatures (others)
  A naga sharpshooter (Snake:4)
  A deep elf pyromancer (Elf:1)
  A manticore (D:15)
  A steam dragon (Lair:5)
  A naga (Snake:2)
  A gnoll (D:9)
6 creatures vanquished.

Grand Total: 1062 creatures vanquished

Notes
Turn   | Place    | Note
-------+----------+-------------------------------------------
     0 | D:1      | Morbidden the Troll Monk began the quest for the Orb.
     0 | D:1      | Reached XP level 1. HP: 22/22 MP: 0/0
   197 | D:1      | Got Sif Muna's Tome of Crystalline Ozone
   312 | D:1      | Reached XP level 2. HP: 29/29 MP: 1/1
   342 | D:1      | Found a faded altar of an unknown god.
   853 | D:2      | Found an iron altar of Okawaru.
   914 | D:2      | Identified the +0 cloak "Eme In Foss" {rElec rPois}
  1179 | D:2      | Reached XP level 3. HP: 32/36 MP: 2/2
  1529 | D:3      | Noticed Jessica
  1533 | D:3      | Reached skill level 4 in Unarmed Combat
  1553 | D:3      | Killed Jessica
  1554 | D:3      | Reached XP level 4. HP: 44/44 MP: 3/3
  1562 | D:3      | Found a shimmering blue altar of Sif Muna.
  2016 | D:4      | Noticed a phantom
  2029 | D:4      | Killed a phantom
  2030 | D:4      | Reached XP level 5. HP: 48/52 MP: 4/4
  2069 | D:4      | Found a bloodstained altar of Trog.
  2070 | D:4      | Noticed a phantom
  2080 | D:4      | Killed a phantom
  2081 | D:4      | Reached skill level 5 in Unarmed Combat
  2081 | D:4      | Reached XP level 6. HP: 61/61 MP: 5/5
  2739 | D:5      | Entered Level 5 of the Dungeon
  2740 | D:5      | Noticed a water moccasin
  2745 | D:5      | Killed a water moccasin
  2746 | D:5      | Reached skill level 6 in Unarmed Combat
  2952 | D:5      | Noticed a water moccasin
  2963 | D:5      | Killed a water moccasin
  2964 | D:5      | Reached XP level 7. HP: 58/67 MP: 6/6
  2975 | D:5      | Noticed a wyvern
  2979 | D:5      | Killed a wyvern
  2980 | D:5      | Reached skill level 7 in Unarmed Combat
  4106 | D:6      | Found a shadowy altar of Dithmenos.
  4108 | D:6      | Reached skill level 8 in Unarmed Combat
  4138 | D:6      | Reached XP level 8. HP: 49/75 MP: 7/7
  4158 | D:6      | Reached skill level 9 in Unarmed Combat
  4208 | D:6      | Reached skill level 5 in Dodging
  4449 | D:6      | Found a staircase to the Ecumenical Temple.
  4564 | D:6      | Reached skill level 10 in Unarmed Combat
  4591 | Temple   | Entered the Ecumenical Temple
  4606 | Temple   | Became a worshipper of Cheibriados the Contemplative
  4606 | Temple   | Reached * piety under Cheibriados
  4606 | Temple   | Reached ** piety under Cheibriados
  4642 | D:6      | Reached XP level 9. HP: 84/84 MP: 8/8
  4746 | D:6      | Found a sparkling altar of Nemelex Xobeh.
  4746 | D:6      | Found a transporter.
  4746 | D:6      | Noticed a troll
  4791 | D:6      | Killed a troll
  4867 | D:7      | Reached skill level 1 in Throwing
  4886 | D:7      | Reached skill level 1 in Stealth
  5020 | D:7      | Reached skill level 11 in Unarmed Combat
  5100 | D:7      | Found a hide-covered altar of Uskayaw.
  5191 | D:7      | Reached *** piety under Cheibriados
  5606 | D:7      | Identified the +1 leather armour "Ganujips" {rElec rF+ rC-
                  | Str+3}
  5791 | D:8      | Noticed a kobold demonologist
  5792 | D:8      | Noticed a hellwing
  5799 | D:8      | Killed a kobold demonologist
  5890 | D:8      | Found a broken altar of Ashenzari.
  6027 | D:9      | Reached XP level 10. HP: 52/94 MP: 9/9
  6042 | D:9      | Identified a scroll of acquirement
  6042 | D:9      | Acquired 846 gold pieces
  6077 | D:9      | Found a flagged portal.
  6098 | Bailey   | Entered a bailey
  6117 | Bailey   | Reached skill level 12 in Unarmed Combat
  6851 | Bailey   | Reached **** piety under Cheibriados
  6990 | Bailey   | Reached skill level 5 in Fighting
  7242 | Bailey   | Identified the +1 buckler "Ukebeclu" {Int+6}
  8008 | D:10     | Entered Level 10 of the Dungeon
  8067 | D:10     | Acquired a manual of Dodging
  8171 | D:10     | Found a portal to a secret trove of treasure.
  8190 | D:10     | Found an opulent altar of Gozag.
  8190 | D:10     | Found a glowing silver altar of Zin.
  8222 | D:10     | Noticed a two-headed ogre
  8232 | D:10     | Killed a two-headed ogre
  8232 | D:10     | Reached ***** piety under Cheibriados
  8233 | D:10     | Reached skill level 13 in Unarmed Combat
  8578 | D:10     | Found a staircase to the Orcish Mines.
  8841 | D:11     | Reached XP level 11. HP: 80/104 MP: 10/10
  8864 | D:11     | Identified the +1 robe "Capyegae" {rElec Slay-3 Stlth+}
  8926 | D:11     | Noticed a centaur warrior
  8938 | D:11     | Killed a centaur warrior
  8942 | D:11     | HP: 6/156 [orc priest/divine providence (14)]
  9348 | D:11     | Found a staircase to the Lair.
  9507 | D:11     | Identified the +3 robe "Dyfeirit" {rPois Int+3}
  9750 | D:11     | Noticed a two-headed ogre
  9756 | D:11     | Killed a two-headed ogre
 10337 | Lair:1   | Entered Level 1 of the Lair of Beasts
 10363 | Lair:1   | Reached skill level 14 in Unarmed Combat
 10367 | Lair:1   | Found a frozen archway.
 10402 | IceCv    | Entered an ice cave
 10555 | IceCv    | Noticed a quicksilver ooze
 10564 | IceCv    | Killed a quicksilver ooze
 11163 | IceCv    | Reached ****** piety under Cheibriados
 11177 | IceCv    | Reached XP level 12. HP: 114/114 MP: 11/11
 11195 | IceCv    | Reached skill level 15 in Unarmed Combat
 11213 | IceCv    | Noticed an azure jelly
 11217 | IceCv    | Killed an azure jelly
 11218 | IceCv    | Reached skill level 5 in Throwing
 11222 | IceCv    | Found a viscous altar of Jiyva.
 11387 | IceCv    | Identified the +1 robe of Wonder {Will++ Regen+ Dex+4}
 11766 | Lair:1   | Noticed Harold
 11770 | Lair:1   | Killed Harold
 12361 | Lair:2   | Noticed a catoblepas
 12368 | Lair:2   | Killed a catoblepas
 12392 | Lair:2   | Noticed a four-headed hydra
 12434 | Lair:2   | Killed a four-headed hydra
 12522 | Lair:2   | Found a basalt altar of Yredelemnul.
 12614 | Lair:2   | Reached skill level 1 in Shields
 12821 | Lair:2   | Reached XP level 13. HP: 124/124 MP: 12/12
 12830 | Lair:2   | Reached skill level 10 in Dodging
 12848 | Lair:2   | Reached skill level 16 in Unarmed Combat
 13124 | Lair:2   | Found a staircase to the Snake Pit.
 13831 | Lair:3   | Reached skill level 1 in Invocations
 14372 | Lair:3   | Found a staircase to the Shoals.
 15054 | Lair:4   | Noticed Urug
 15064 | Lair:4   | Killed Urug
 15146 | Lair:4   | Found a viscous altar of Jiyva.
 15419 | Lair:4   | Reached skill level 1 in Shapeshifting
 15580 | Lair:4   | Found a transporter.
 15583 | Lair:4   | Found a transporter.
 15586 | Lair:4   | Noticed pornopis's ghost (journeyman TrSh)
 16149 | Lair:5   | Entered Level 5 of the Lair of Beasts
 16614 | Lair:5   | Reached XP level 14. HP: 80/135 MP: 15/15
 16824 | Lair:5   | Found a large runed translucent door.
 16825 | Lair:5   | Found a large runed translucent door.
 17269 | Lair:5   | Reached skill level 17 in Unarmed Combat
 18316 | D:12     | Found a runed translucent gate.
 18316 | D:12     | Found a runed translucent gate.
 18316 | D:12     | Found a runed translucent gate.
 18317 | D:12     | Noticed Varahof's ghost (journeyman MiFi)
 18438 | D:12     | You fall into a shaft and drop 1 floor!
 18783 | D:13     | Noticed Erolcha
 19104 | D:12     | Noticed Josephine
 19116 | D:12     | Killed Josephine
 19205 | D:12     | Found a hide-covered altar of Uskayaw.
 20228 | D:13     | Reached XP level 15. HP: 34/145 MP: 15/17
 20492 | D:13     | Reached skill level 5 in Invocations
 20817 | D:13     | Noticed Maurice
 20823 | D:13     | Noticed Sonja
 20831 | D:13     | Killed Sonja
 20840 | D:13     | Killed Maurice
 20863 | D:13     | Reached skill level 10 in Throwing
 21100 | D:14     | Found a glowing silver altar of Zin.
 21476 | D:14     | Found a gate to the Vaults.
 21547 | D:14     | Noticed Domiom's ghost (journeyman DsAr)
 21548 | D:14     | Found a runed translucent door.
 21570 | D:14     | Reached skill level 5 in Shields
 21937 | D:14     | Killed Domiom's ghost
 21966 | D:15     | Entered Level 15 of the Dungeon
 22394 | D:15     | Reached skill level 1 in Armour
 22606 | D:15     | Found a staircase to the Depths.
 23375 | Orc:1    | Entered Level 1 of the Orcish Mines
 23808 | Orc:2    | Entered Level 2 of the Orcish Mines
 23808 | Orc:2    | Found a staircase to the Elven Halls.
 23918 | Orc:2    | Found Seceg's Weapon Emporium.
 24133 | Orc:2    | Reached XP level 16. HP: 156/156 MP: 19/19
 24168 | Orc:2    | Paralysed by an ogre mage for 3 turns
 24174 | Orc:2    | Reached skill level 5 in Shapeshifting
 24310 | Orc:2    | Found Gumor's General Store.
 24310 | Orc:2    | Found Ryask's Jewellery Shoppe.
 24311 | Orc:2    | Found Hukhochy's Magic Scroll Shoppe.
 24311 | Orc:2    | Found Jaocw's Distillery.
 24321 | Orc:2    | Bought a potion of heal wounds for 55 gold pieces
 24321 | Orc:2    | Bought a potion of heal wounds for 55 gold pieces
 24646 | D:10     | You paid a toll of 3 potions of resistance to enter a
                  | treasure trove
 24647 | Trove    | Entered a treasure trove
 24651 | Trove    | Found the ring of Shadows {Umbra +Inv Stlth+}
 24660 | Trove    | Identified the ring "Pulenkir" {Drain rN+ EV+5 Dex+2}
 24662 | Trove    | Identified the amulet of Dawn {Faith *Slow rF+ Dex+4}
 24847 | Snake:1  | Entered Level 1 of the Snake Pit
 24961 | Snake:1  | Reached skill level 18 in Unarmed Combat
 25386 | Snake:1  | Identified the ring "Anovvout" {rC+ rN+ AC+4 Str+2}
 25963 | Snake:1  | Found Ymobleudi's Antique Weapon Boutique.
 25971 | Snake:1  | Found Cuosmaiz's Armour Shop.
 25971 | Snake:1  | Found Tiufy's Book Boutique.
 25996 | Snake:1  | Found Doatuij's Armour Shop.
 27283 | Snake:2  | Noticed Asterion
 27297 | Snake:2  | Killed Asterion
 27425 | Snake:2  | Found Wusmumob's Antique Weapon Shop.
 27525 | Snake:2  | Noticed Roxanne
 27539 | Snake:2  | Killed Roxanne
 27841 | Snake:2  | Found Osokicwu's Book Shoppe.
 27843 | Snake:2  | Found Goax's Jewellery Shop.
 27844 | Snake:2  | Found Qoasas's Book Shoppe.
 28308 | Snake:3  | Noticed Bai Suzhen
 28318 | Snake:3  | Killed Bai Suzhen
 28643 | Snake:3  | Reached skill level 10 in Fighting
 28643 | Snake:3  | Reached XP level 17. HP: 166/166 MP: 21/21
 29116 | Snake:3  | Noticed Agnes
 29128 | Snake:3  | Killed Agnes
 29418 | Snake:4  | Entered Level 4 of the Snake Pit
 29418 | Snake:4  | Noticed Mlioglotl
 29430 | Snake:4  | Killed Mlioglotl
 30224 | Snake:4  | Got a serpentine rune of Zot
 30440 | Snake:4  | Noticed Kirke
 30454 | Snake:4  | Killed Kirke
 30973 | Shoals:1 | Entered Level 1 of the Shoals
 31754 | Shoals:2 | Paralysed by a fenstrider witch for 4 turns
 32278 | Shoals:2 | Reached XP level 18. HP: 176/176 MP: 23/23
 32348 | Shoals:3 | Found Quer's Armour Shop.
 32401 | Shoals:3 | Got the Vademecum on Blazing Bringing Forth
 32478 | Shoals:3 | Reached skill level 19 in Unarmed Combat
 32722 | Shoals:3 | Found Jurchisock's General Store.
 32723 | Shoals:3 | Noticed Aizul
 32729 | Shoals:3 | Killed Aizul
 32741 | Shoals:3 | Bought a potion of heal wounds for 90 gold pieces
 32741 | Shoals:3 | Bought a scroll of poison for 72 gold pieces
 32741 | Shoals:3 | Bought 2 potions of curing for 108 gold pieces
 33031 | Shoals:4 | Entered Level 4 of the Shoals
 33208 | Shoals:4 | Noticed Ilsuiw
 33223 | Shoals:4 | Killed Ilsuiw
 33837 | Shoals:4 | Got a barnacled rune of Zot
 33985 | Shoals:4 | Reached skill level 1 in Evocations
 34402 | Elf:1    | Entered Level 1 of the Elven Halls
 34661 | Elf:1    | Paralysed by an air elemental for 1 turns
 35228 | Elf:1    | Paralysed by a floating eye for 4 turns
 35352 | Elf:1    | Paralysed by an orc sorcerer for 5 turns
 35354 | Elf:1    | Killed from afar by an orc priest

Illustrated notes

Levels and vault maps discovered:
D:1:      dpeg_arrival_chambers_temple_mockup, layout_loops_ring,
          dreamdust_ecumenical_altar_grove
D:2:      layout_basic, basic_altar
D:3:      layout_loops_ring, tgw_sif
D:4:      layout_cave_pods, lemuel_round_altar
D:5:      layout_loops_corners, serial_co_window_serial, co_window_paths_b,
          co_window_paths_a, co_window_of_opportunity_a, co_window_corner_a,
          co_window_corner_a, co_window_cross_1, co_window_corner_a,
          co_window_corner_a, co_window_corner_a, co_window_corner_b,
          co_window_cross_4, co_window_2corner, co_window_4corner_a,
          co_window_4corner_b, serial_bayou_lagoon_a
D:6:      layout_basic, mainiacjoe_overflow_tiny_flanked,
          grunt_nemelex_the_gamble, minmay_temple_entry_trees
D:7:      layout_loops_ring, mainiacjoe_overflow_six_doors_small
D:8:      layout_rooms, mainiacjoe_overflow_small_starburst, minmay_microvault
D:9:      layout_roguey, enter_bailey_2
D:10:     layout_basic, grunt_temple_overflow_gold_and_silver, david_orc_4,
          enter_trove_3
D:11:     layout_basic, david_lair_shrubbed
D:12:     layout_layer_cave, gammafunk_ghost_nasty_kobolds,
          nicolae_uskayaw_murder_on_the_dancefloor, uniq_josephine
D:13:     nzn_winding_woodlands_cross [nzn_winding_woodlands_5x15_lazy_stream,
          nzn_winding_woodlands_5x15_jagged, nzn_winding_woodlands_5x15_crooked,
          nzn_winding_woodlands_5x15_parted,
          nzn_winding_woodlands_15x15_five_gardens], layout_basic,
          nrook_loot_triangle, uniq_sonja, uniq_maurice, uniq_erolcha
D:14:     layout_roguey, david_vaults_5, hellmonk_ghost_happy_afterlife,
          zin_angel
D:15:     grunt_enter_depths_hoard, layout_basic, serial_bayou_ford_a
Temple:   nicolae_temple_bog_church
Lair:1:   layout_gridlike, portal_ice_cave_entry_pillars_1, uniq_harold
Lair:2:   layout_layer_cave, alex1729_snake_entry_snake, basic_altar,
          hangedman_lair_generics_rect
Lair:3:   layout_hall_layers, elwin_shoals_entry_rocks, kilobyte_rumbling_trees,
          lemuel_fruit_tree
Lair:4:   layout_cave_pods, minmay_slime_entry_oklob_enclosed,
          nzn_ghost_randoct, uniq_urug
Lair:5:   cheibrodos_lair_end_hotspot, layout_regular_city, serial_rivers,
          chequers_serial_rivers_small_b, chequers_serial_rivers_micro_d,
          chequers_serial_rivers_micro_a, chequers_serial_rivers_micro_e,
          chequers_serial_rivers_large_a, chequers_serial_rivers_small_3,
          grunt_forest_stairs_basic
Shoals:1: layout_shoals, nicolae_shoals_mertower
Shoals:2: layout_shoals, nicolae_shoals_beach_house_on_fowls_legs
Shoals:3: layout_shoals, serial_shops, shop, nicolae_stop_n_shop_2, uniq_aizul
Shoals:4: shoals_end_grunt_ice, layout_shoals, shoals_ilsuiw_alternative,
          nicolae_shoals_lost_giant_hut
Snake:1:  layout_chambers, minmay_shoptagon, grunt_megastairs_2
Snake:2:  layout_chambers, serial_shops, nicolae_shop_overgrown_old_shop,
          serial_bayou_shore_b, nicolae_integral_box, minmay_shop_grove,
          uniq_roxanne, uniq_asterion
Snake:3:  layout_cave_pods, serial_bayou_shore_b, serial_bayou_shore_a,
          uniq_agnes, uniq_bai_suzhen
Snake:4:  minmay_snake_end_coiled, layout_cave_town, uniq_kirke, uniq_mlioglotl
Orc:1:    layout_caves
Orc:2:    st_orc_ogre_mass, layout_caves, serial_shops, shop,
          david_defended_altar_orc
Elf:1:    eino_elf_arrival_sip, layout_loops_ring, orc_legates

Skill      XL: |  1  2  3  4  5  6  7  8  9 10 11 12 13 14 15 16 17 18 |
---------------+-------------------------------------------------------+-----
Unarmed Combat | 4 5 6 8 10 11 13 14 15 16 17 18 19 | 19.3
Dodging        | 3 4 5 6 7 8 9 11 12 13 14 | 14.1
Fighting       | 3 4 5 6 7 8 9 10 11 | 11.1
Throwing       | 1 2 4 7 8 9 10 11 12 | 12.8
Stealth        | 1 2 3 |  3.9
Shields        | 1 2 4 6 7 8 9 |  9.5
Invocations    | 3 4 6 7 8 9 |  9.2
Shapeshifting  | 1 3 4 6 7 |  7.8
Armour         | 1 3 4 |  4.9
Evocations     | 1 |  1.6

Action                     |  1- 3 |  4- 6 |  7- 9 | 10-12 | 13-15 | 16-18 || total
---------------------------+-------+-------+-------+-------+-------+-------++-------
  Melee: Unarmed           |    60 |    82 |   177 |   349 |   761 |   830 ||  2259
         Punch             |       |       |       |     8 |    11 |       ||    19
  Throw: Stone             |    12 |       |    38 |    86 |    74 |    48 ||   258
         Boomerang         |       |       |       |    49 |    30 |   186 ||   265
         Dart              |       |       |       |     7 |    54 |     5 ||    66
         Javelin           |       |       |       |       |     7 |       ||     7
         Large rock        |       |       |       |       |       |     2 ||     2
 Invoke: Slouch            |       |       |       |       |     6 |    18 ||    24
         Bend Time         |       |       |       |       |       |     2 ||     2
  Evoke: Wand              |       |       |       |     4 |     6 |     6 ||    16
         Phantom mirror    |       |       |       |       |     1 |     2 ||     3
    Use: Scroll            |       |       |     5 |    18 |     6 |    14 ||    43
         Potion            |       |       |     2 |     8 |     2 |     1 ||    13
   Stab: Invisible         |       |       |       |     2 |       |       ||     2
         Sleeping          |       |       |       |     1 |    11 |     4 ||    16
         Distracted        |       |       |       |       |     2 |       ||     2
 Armour: Robe              |    12 |    22 |    44 |    27 |       |       ||   105
         Skin              |       |       |    12 |    15 |     6 |       ||    33
         Steam dragon scal |       |       |       |    41 |    88 |       ||   129
         Acid dragon scale |       |       |       |       |    26 |     8 ||    34
         Storm dragon scal |       |       |       |       |       |   125 ||   125
         Troll leather arm |       |       |       |       |       |     5 ||     5
  Dodge: Dodged            |    25 |    40 |    96 |   266 |   337 |   340 ||  1104
  Block: Orb               |       |       |       |    13 |       |       ||    13
         Other             |       |       |       |     7 |    19 |       ||    26
         Tower shield      |       |       |       |       |   746 |  1104 ||  1850
         Reflection        |       |       |       |       |    43 |   155 ||   198

Table legend: (Time is in decaauts)
 A = Elapsed time spent in this place.
 B = Non-inter-level travel time spent in this place.
 C = Inter-level travel time spent in this place.
 D = Time resting spent in this place.
 E = Time spent auto-exploring this place.
 F = Levels seen in this place.
 G = Mean time per level.
                   A        B        C        D        E       F      G
               +--------+--------+--------+--------+--------+-----+--------+
         Total |  54371 |  49735 |   4636 |   4712 |  37365 |  35 | 1553.5 |
       Dungeon |  21165 |  18985 |   2180 |   1506 |  14938 |  15 | 1411.0 |
        Temple |     36 |     16 |     20 |      0 |      0 |   1 |   36.0 |
          Lair |  11875 |  10629 |   1246 |    797 |   8472 |   5 | 2375.0 |
        Shoals |   5182 |   4860 |    322 |    101 |   3693 |   4 | 1295.5 |
     Snake Pit |   9189 |   8643 |    546 |    690 |   6800 |   4 | 2297.2 |
  Orcish Mines |   2348 |   2030 |    318 |    100 |   1466 |   2 | 1174.0 |
   Elven Halls |   1486 |   1486 |      0 |    217 |   1069 |   1 | 1486.0 |
         Trove |    120 |    120 |      0 |      0 |     26 |   1 |  120.0 |
        Bailey |   1560 |   1560 |      0 |    786 |    416 |   1 | 1560.0 |
      Ice Cave |   1406 |   1406 |      0 |    514 |    483 |   1 | 1406.0 |
               +--------+--------+--------+--------+--------+-----+--------+

Top non-repeatable levels by time:
  Lair:2: 3432 daAuts
    D:11: 2927 daAuts
 Snake:1: 2857 daAuts
  Lair:5: 2811 daAuts
 Snake:2: 2446 daAuts
    D:13: 2434 daAuts
    D:12: 2414 daAuts
 Snake:3: 2407 daAuts
    D:15: 2328 daAuts
  Lair:4: 2277 daAuts
  Lair:3: 2189 daAuts
    D:10: 1817 daAuts
Shoals:4: 1727 daAuts
  Bailey: 1560 daAuts
    D:14: 1556 daAuts
